 Dungeon Crawl Stone Soup version 0.22.1-1-ga44c0e56f4 (webtiles) character file.

626 Kaderl the Ducker (level 7, -1/55 HPs)
             Began as a Merfolk Monk on Oct 30, 2018.
             Shot with an arrow by a centaur (6 damage)
             ... on level 5 of the Dungeon.
             The game lasted 00:13:39 (4565 turns).

Kaderl the Ducker (Merfolk Monk)                    Turns: 4565, Time: 00:13:40

Health: -1/55      AC:  5    Str: 13    XL:     7   Next: 47%
Magic:  7/7        EV: 14    Int: 10    God:
Gold:   144        SH:  0    Dex: 16    Spells: 6/6 levels left

rFire    . . .     SeeInvis .   o - +0 flail
rCold    . . .     Gourm    .   (no shield)
rNeg     . . .     Faith    +   a - +0 ring mail
rPois    .         Spirit   .   (no helmet)
rElec    .         Reflect  .   (no cloak)
rCorr    .         Harm     .   (no gloves)
MR       .....                  (no boots)
Stlth    ++........             r - amulet of faith
HPRegen  0.18/turn              (no ring)
MPRegen  0.10/turn              (no ring)

@: no status effects
A: change form in water, swift swim, stealthy swim
a: no special abilities


You were on level 5 of the Dungeon.
You were not hungry.

You visited 1 branch of the dungeon, and saw 5 of its levels.

You collected 144 gold pieces.

Inventory:

Hand Weapons
 o - a +0 flail (weapon)
Armour
 a - a +0 ring mail (worn)
Jewellery
 r - an amulet of faith (around neck)
Wands
 b - a wand of paralysis (12)
 q - a wand of random effects (15)
Scrolls
 g - 8 scrolls of remove curse
 i - 4 scrolls of teleportation
Potions
 e - 2 potions of haste
 h - a potion of brilliance
 j - a potion of ambrosia
 k - 3 potions of agility
 m - a potion of berserk rage
 n - a potion of lignification {unknown}
Comestibles
 c - 5 rations


   Skills:
 + Level 4.7 Fighting
 + Level 5.1 Maces & Flails
 + Level 1.7 Armour
 + Level 5.6 Dodging
 + Level 3.7 Stealth


You had 6 spell levels left.
You didn't know any spells.
Your spell library contained the following spells:

 Spells                   Type           Power        Failure   Level  Hunger
 Animate Skeleton         Necr           N/A          63%         1    ##.....
 Apportation              Tloc           #.....       63%         1    ##.....
 Confusing Touch          Hex            #.....       63%         1    ##.....
 Summon Small Mammal      Summ           #...         63%         1    ##.....


Dungeon Overview and Level Annotations

Branches:
Dungeon (5/15)
 Temple: D:4-7

Altars:
Ashenzari


Message History

Found a potion of ambrosia and a leather armour.
The howler monkey howls!
You hear the slow rusting of a distant drain.
A jelly comes into view.
The howler monkey hoots and howls with incredible vigour!
You hear a shout!
You hear an angry hiss.
You hear a shout!
The howler monkey hoots and howls with incredible vigour!
A centaur comes into view.
You hear a shout! x3
The howler monkey hoots and howls with incredible vigour!
The howler monkey hoots and howls with incredible vigour!
The centaur wields a shortbow.
The centaur shoots an arrow.
The arrow hits you!
* * * LOW HITPOINT WARNING * * *
You see here an arrow.
The centaur shoots an arrow.
The arrow hits you.
* * * LOW HITPOINT WARNING * * *
The centaur shoots an arrow.
The arrow misses you.
You see here an arrow.
The centaur shoots an arrow.
The arrow hits you.
You die...

...> ##..)).#.###
#..# ##.!.##....
.##...####.#..<...
...............###
##...#<.......#
##########..
#.####.###
#.......##.###.# .#
#.#####.#...#.#.# .#
#####.# #.#...@###..
# ......# #.#..(#.#
### ...h..#
#....(##.#
#####.#####c###.##.#
#.......h......#
####........####
##########


You could see a centaur.

Vanquished Creatures
  A centaur (D:2)
  4 orc wizards (D:4)
  A centaur skeleton (D:4)
  Natasha (thrice) (D:3)
  A worker ant (D:4)
  12 gnolls
  8 adders
  An ooze (D:3)
  An adder skeleton (D:4)
  3 worms
  A dart slug (D:1)
  A leopard gecko (D:2)
  9 orcs
  9 bats
  4 giant cockroaches
  12 goblins
  8 hobgoblins
  5 jackals
  7 kobolds
  3 quokkas
  A ball python (D:1)
  4 frilled lizards
  17 rats
116 creatures vanquished.

Notes
Turn   | Place    | Note
-------+----------+-------------------------------------------
     0 | D:1      | Kaderl the Merfolk Monk began the quest for the Orb.
     0 | D:1      | Reached XP level 1. HP: 18/18 MP: 1/1
   124 | D:1      | Reached XP level 2. HP: 3/24 MP: 2/2
   486 | D:1      | Reached XP level 3. HP: 26/29 MP: 3/3
  1105 | D:2      | Reached XP level 4. HP: 37/37 MP: 4/4
  1514 | D:2      | Noticed a centaur
  1529 | D:2      | Killed a centaur
  1529 | D:2      | Reached XP level 5. HP: 23/42 MP: 5/5
  1634 | D:2      | Reached skill level 5 in Dodging
  2456 | D:3      | Reached XP level 6. HP: 25/48 MP: 6/6
  3058 | D:3      | Noticed Natasha
  3076 | D:3      | Killed Natasha
  3296 | D:3      | Noticed Natasha
  3313 | D:3      | Killed Natasha
  3412 | D:3      | Noticed Natasha
  3431 | D:3      | Killed Natasha
  3771 | D:4      | Reached skill level 1 in Armour
  3829 | D:4      | Reached XP level 7. HP: 22/55 MP: 7/7
  4143 | D:4      | Found a shattered altar of Ashenzari.
  4185 | D:4      | Reached skill level 5 in Maces & Flails
  4454 | D:5      | Entered Level 5 of the Dungeon
  4565 | D:5      | Shot with an arrow by a centaur

Skill      XL: |  1  2  3  4  5  6  7 |
---------------+----------------------+-----
Maces & Flails | 3 4 5 |  5.1
Fighting       | 4 |  4.7
Stealth        | 3 |  3.7
Dodging        | 5 |  5.6
Armour         | 1 |  1.7

Action                   |  1- 3 |  4- 6 |  7- 9 || total
-------------------------+-------+-------+-------++-------
Melee: Mace              |    87 |    70 |       ||   157
       Flail             |       |   198 |   111 ||   309
  Use: Scroll            |       |       |    10 ||    10
       Potion            |       |       |     1 ||     1
 Stab: Sleeping          |     3 |     5 |     1 ||     9
  Eat: Ration            |     1 |     2 |     1 ||     4
Armor: Robe              |    16 |     5 |       ||    21
       Ring mail         |       |    64 |    45 ||   109
Dodge: Dodged            |    82 |   265 |    95 ||   442
